 Dungeon Crawl Stone Soup version 0.27-a0-789-g6bb3289e1e (webtiles) character file.

Game seed: 3020382478980121104

45 sahdkjhfkaj the Sneak (level 3, 23/23 HPs)
             Began as an Octopode Enchanter on Mar 21, 2021.
             Quit the game on level 1 of the Dungeon on Mar 26, 2021.
             The game lasted 00:03:05 (1806 turns).

sahdkjhfkaj the Sneak (Octopode Enchanter)          Turns: 1806, Time: 00:03:05

Health: 23/23      AC:  1    Str:  7    XL:     3   Next: 64%
Magic:  6/6        EV: 13    Int: 18    God:
Gold:   38         SH:  0    Dex: 12    Spells: 3/6 levels left

rFire    . . .     SeeInvis .   a - +1 dagger
rCold    . . .     Faith    .   (no shield)
rNeg     . . .     Spirit   .   (helmet restricted)
rPois    .         Reflect  .   (no amulet)
rElec    .         Harm     .   (no ring)
rCorr    .         Rampage  .   (no ring)
Will     .....                  (no ring)
Stlth    ++++......             (no ring)
HPRegen  0.07/turn              (no ring)
MPRegen  0.10/turn              (no ring)
                                (no ring)
                                (no ring)

@: no status effects
A: almost no armour, amphibious, 8 rings, camouflage 1, gelatinous body 1,
nimble swimmer 1, tentacles
a: no special abilities


You were on level 1 of the Dungeon.
You visited 1 branch of the dungeon, and saw 2 of its levels.

You collected 38 gold pieces.

Inventory:

Hand Weapons
 a - a +1 dagger (weapon)
Scrolls
 c - a scroll of vulnerability {unknown}
 f - a scroll of teleportation {unknown}
Potions
 b - a potion of mutation {unknown}
 d - 3 potions of heal wounds {unknown}
 e - 2 potions of curing {unknown}


   Skills:
 - Level 1.0 Fighting
 - Level 1.0 Short Blades
 - Level 2.0 Dodging
 - Level 5.0 Stealth
 - Level 2.0 Spellcasting
 - Level 3.0 Hexes
 + Level 2.1 Ice Magic


You had 3 spell levels left.
You knew the following spells:

 Your Spells              Type           Power      Damage    Failure   Level
a - Corona                Hex            13%        N/A       5%          1
x - Ensorcelled Hibernat  Hex/Ice        20%        N/A       10%         2

Your spell library contained the following spells:

 Spells                   Type           Power      Damage    Failure   Level
 Confusing Touch          Hex            12%        N/A       16%         3
 Tukima's Dance           Hex            12%        N/A       16%         3
 Dazzling Flash           Conj/Hex       14%        N/A       28%         3
 Silence                  Hex/Air        3%         N/A       95%         5
 Borgnjor's Vile Clutch   Necr/Erth      0%         N/A       99%         5
 Shadow Creatures         Summ           N/A        N/A       100%        6
 Animate Armour           Summ/Erth      Unusable   N/A       N/A         4

Dungeon Overview and Level Annotations

Branches:
Dungeon (2/15)

Altars:


Innate Abilities, Weirdness & Mutations

You cannot wear most types of armour.
You are amphibious.
You can wear up to eight rings at the same time.
Your skin changes colour to match your surroundings (Stealth+).
Your rubbery body absorbs attacks. (AC +1, EV +1)
You are stealthy while swimming. (Stealth+)
You have tentacles for arms and can constrict up to eight enemies at once.


Message History

Aim: a jackal (chance to affect: 59%)
The jackal resists with significant effort.
The jackal barely misses you.
Aim: a jackal (chance to affect: 59%)
The jackal resists with significant effort.
The jackal closely misses you. The jackal misses you. The jackal misses you.
The jackal bites you.
* * * LOW HITPOINT WARNING * * *
The jackal completely misses you. The jackal bites you.
* * * LOW HITPOINT WARNING * * *
The jackal bites you.
* * * LOW HITPOINT WARNING * * *
Unknown command.
Unknown command.
There is a shaft here.
Unknown command.
The jackal falls through a shaft!
The shaft crumbles and collapses.
Unknown command.
Unknown command.
Unknown command.
Key pressed, stopping explore.
Done exploring.
Done exploring.
Saving game... please wait.
Options error: Bad channel -- pray (~/.crawlrc:4439) Options error: Bad channel -- food (~/.crawlrc:4442) Options error: Bad channel -- rotten_meat (~/.crawlrc:4459) Welcome back, sahdkjhfkaj the Octopode Enchanter.
Saving game... please wait.
Options error: Bad channel -- pray (~/.crawlrc:4439) Options error: Bad channel -- food (~/.crawlrc:4442) Options error: Bad channel -- rotten_meat (~/.crawlrc:4459) Welcome back, sahdkjhfkaj the Octopode Enchanter.
Unknown command.
Saving game... please wait.
Welcome back, sahdkjhfkaj the Octopode Enchanter.
Press ? for a list of commands and other information.
Are you sure you want to abandon this character and quit the game? (Confirm with "yes".)

.....# #.# #.# #.. ####.# #.#
##.## #.. #.# #.# #...### #.. #.#
#.# #.....### #.. #.# #.#
##..##...###.. #.#
#)###########...####...#..
####.###.............#.######....
.....................#...........
................@................
......##..........##.##..........
......##..........##.##..........
#............##......##..........
#............##......############
.....................# #
.....................############
.......<........##...............
......>.........##...##.....#####


There were no monsters in sight!

Vanquished Creatures
  A gnoll (D:1)
  An endoplasm (D:1)
  2 removed leopard geckos (D:1)
  2 giant cockroaches (D:1)
  3 goblins (D:1)
  5 hobgoblins (D:1)
  2 jackals (D:1)
  A quokka (D:1)
  2 bats (D:1)
  A frilled lizard (D:1)
  2 kobolds (D:1)
  4 rats (D:1)
26 creatures vanquished.

Notes
Turn   | Place    | Note
-------+----------+-------------------------------------------
     0 | D:1      | sahdkjhfkaj the Octopode Enchanter began the quest for the
                  | Orb.
     0 | D:1      | Reached XP level 1. HP: 11/11 MP: 3/3
    23 | D:1      | Reached skill level 1 in Fighting
   223 | D:1      | Reached XP level 2. HP: 18/18 MP: 5/5
   235 | D:1      | Learned a level 2 spell: Ensorcelled Hibernation
   439 | D:1      | Reached skill level 5 in Stealth
   439 | D:1      | Reached skill level 1 in Ice Magic
   439 | D:1      | Reached XP level 3. HP: 10/23 MP: 3/6
  1806 | D:1      | Upgraded the game from 0.27-a0-695-gb4952372f7 to
                  | 0.27-a0-765-ge4d627daa3
  1806 | D:1      | Upgraded the game from 0.27-a0-765-ge4d627daa3 to
                  | 0.27-a0-789-g6bb3289e1e
  1806 | D:1      | Quit the game

Illustrated notes

Levels and vault maps discovered:
D:1:      dpeg_arrival_stonehenge_8_columns, layout_basic,
          hangedman_decor_points
D:2:      layout_rooms, uniq_robin

Skill      XL: |  1  2  3 |
---------------+----------+-----
Fighting       | 1 |  1.0
Stealth        | 5 |  5.0
Ice Magic      | 1 2 |  2.1
Short Blades   | |  1.0
Dodging        | |  2.0
Spellcasting   | |  2.0
Hexes          | |  3.0

Action                   || total
-------------------------++-------
Melee: Dagger            ||    46
       Constrict         ||     7
       Tentacles         ||     4
 Cast: Corona            ||     5
       Ensorcelled Hiber ||    17
 Stab: Sleeping          ||    19
Armor: Skin              ||     4
Dodge: Dodged            ||    45

Table legend: (Time is in decaauts)
 A = Elapsed time spent in this place.
 B = Non-inter-level travel time spent in this place.
 C = Inter-level travel time spent in this place.
 D = Time resting spent in this place.
 E = Time spent auto-exploring this place.
 F = Levels seen in this place.
 G = Mean time per level.
                   A        B        C        D        E       F      G
               +--------+--------+--------+--------+--------+-----+--------+
         Total |   1804 |   1783 |     21 |      0 |   1494 |   2 |  902.0 |
       Dungeon |   1804 |   1783 |     21 |      0 |   1494 |   2 |  902.0 |
               +--------+--------+--------+--------+--------+-----+--------+

Top non-repeatable levels by time:
     D:1: 1778 daAuts
     D:2: 25 daAuts
